 Dungeon Crawl Stone Soup version 0.27-a0-1384-g1422d76b99 (webtiles) character file.

Game seed: 12645331909024202643

338 kazelolz the Chopper (level 6, -3/82 HPs)
             Began as a Minotaur Berserker on June 30, 2021.
             Was a Priest of Trog.
             Slain by an orc warrior (12 damage)
             ... on level 4 of the Dungeon.
             The game lasted 00:03:53 (3120 turns).

kazelolz the Chopper (Minotaur Berserker)           Turns: 3120, Time: 00:03:54

Health: -3/82      AC:  4    Str: 24    XL:     6   Next: 29%
Magic:  0/5        EV: 12    Int:  4    God:    Trog [***...]
Gold:   135        SH:  0    Dex:  9    Spells: 5/5 levels left

rFire    . . .     SeeInvis .   a - +0 hand axe
rCold    . . .     Faith    .   (no shield)
rNeg     . . .     Spirit   +   b - +0 animal skin
rPois    .         Reflect  .   (helmet restricted)
rElec    .         Harm     .   m - +1 cloak {Stlth+}
rCorr    .         Rampage  .   (no gloves)
Will     .....                  (no boots)
Stlth    ..........             n - amulet of guardian spirit
HPRegen  0.23/turn              (no ring)
MPRegen  0.09/turn              (no ring)

@: berserking, very quick
A: horns 2, retaliatory headbutt
a: Renounce Religion, Berserk, Trog's Hand


You were on level 4 of the Dungeon.
You worshipped Trog.
Trog was most pleased with you.
You visited 1 branch of the dungeon, and saw 4 of its levels.

You collected 135 gold pieces.

Inventory:

Hand Weapons
 a - a +0 hand axe (weapon)
Armour
 b - a +0 animal skin (worn)
 m - a +1 cloak of stealth (worn)
Jewellery
 n - an amulet of guardian spirit (around neck)
 p - a ring of ice
Wands
 l - a wand of digging (2)
Scrolls
 c - a scroll of enchant armour {unknown}
 d - 5 scrolls of identify {unknown}
 e - 4 scrolls of blinking {unknown}
 f - a scroll of noise {unknown}
 g - 5 scrolls of teleportation {unknown}
 h - 2 scrolls of amnesia {unknown}
 k - a scroll of immolation {unknown}
 o - a scroll of vulnerability {unknown}
Potions
 i - 2 potions of heal wounds {unknown}
 j - a potion of berserk rage {unknown}
 q - a potion of curing {unknown}


   Skills:
 + Level 4.8 Fighting
 + Level 6.5 Axes
 + Level 2.8 Armour
 + Level 4.1 Dodging
 + Level 0.9 Stealth


You had 5 spell levels left.
You didn't know any spells.
Your spell library was empty.

Dungeon Overview and Level Annotations

Branches:
Dungeon (4/15)
 Temple: D:4-7

Altars:
Dithmenos
Uskayaw
Xom


Innate Abilities, Weirdness & Mutations

You have a pair of horns on your head.
You reflexively headbutt those who attack you in melee.


Message History

You kill the orc!
Trog accepts your kill.
The orc warrior hits you with a +0 war axe!
The endoplasm freezes you.
You are frozen.
You hit the orc warrior but do no damage.
You hit the endoplasm but do no damage.
The orc warrior hits you with a +0 war axe.
The endoplasm freezes you.
You are frozen.
You closely miss the orc warrior.
You headbutt the orc warrior, but do no damage.
You hit the endoplasm but do no damage. The orc warrior closely misses you.
The endoplasm barely misses you.
Unknown command.
You completely miss the orc warrior. You hit the endoplasm.
You kill the endoplasm!
Trog accepts your kill.
The orc warrior hits you with a +0 war axe!
Unknown command.
You are too injured to fight recklessly!
Unknown command.
You hit the orc warrior.
You headbutt the orc warrior, but do no damage.
The orc warrior is lightly wounded.
The orc warrior hits you with a +0 war axe.
* * * LOW HITPOINT WARNING * * *
You closely miss the orc warrior.
You headbutt the orc warrior, but do no damage.
The orc warrior is lightly wounded.
The orc warrior barely misses you. You furiously retaliate!
You headbutt the orc warrior. You closely miss the orc warrior.
You headbutt the orc warrior.
The orc warrior is moderately wounded.
The orc warrior hits you with a +0 war axe!
* * * LOW HITPOINT WARNING * * *
A red film seems to cover your vision as you go berserk!
You feel yourself moving faster!
You feel mighty!
The orc warrior hits you with a +0 war axe!
You die...

........# ##...##......#
###......#####.).......###
....#..(#............#
..............#
....####..$..##
#...#####.![##
###...#..)### #.........#
#.....@#.## #...#)o###
...#....# .. ##...# ....#
...... ....... ......>.


You could see an orc warrior.

Vanquished Creatures
  Crazy Yiuf (D:2)
  An orc priest (D:4)
  Jessica (D:2)
  Natasha (twice) (D:3)
  An iguana (D:4)
  An orc wizard (D:3)
  3 gnolls (D:4)
  4 adders (D:3)
  2 dart slugs
  5 orcs
  6 ball pythons
  5 bats
  5 endoplasms
  3 giant cockroaches
  6 goblins
  4 hobgoblins
  10 jackals
  9 kobolds
  4 quokkas
  4 frilled lizards
  5 rats
82 creatures vanquished.

Notes
Turn   | Place    | Note
-------+----------+-------------------------------------------
     0 | D:1      | kazelolz the Minotaur Berserker began the quest for the
                  | Orb.
     0 | D:1      | Reached XP level 1. HP: 19/19 MP: 0/0
   192 | D:1      | Reached skill level 4 in Axes
   195 | D:1      | Reached XP level 2. HP: 21/27 MP: 1/1
   428 | D:1      | Found a faded altar of an unknown god.
   813 | D:2      | Reached XP level 3. HP: 26/33 MP: 2/2
   941 | D:2      | Reached ** piety under Trog
  1058 | D:2      | Noticed Jessica
  1071 | D:2      | Killed Jessica
  1290 | D:2      | Reached XP level 4. HP: 41/41 MP: 3/3
  1521 | D:2      | You fall into a shaft and drop 1 floor!
  1690 | D:3      | Noticed Natasha
  1697 | D:3      | Killed Natasha
  1698 | D:3      | Reached skill level 5 in Axes
  1822 | D:3      | Noticed Natasha
  1830 | D:3      | Killed Natasha
  1831 | D:3      | Reached XP level 5. HP: 37/47 MP: 4/4
  1965 | D:2      | Found a runed translucent door.
  1966 | D:2      | Noticed Crazy Yiuf
  1974 | D:2      | Killed Crazy Yiuf
  2552 | D:3      | Reached skill level 6 in Axes
  2557 | D:3      | Reached *** piety under Trog
  2799 | D:4      | Reached XP level 6. HP: 42/53 MP: 3/5
  2941 | D:4      | Found a hide-covered altar of Uskayaw.
  2944 | D:4      | Found a shadowy altar of Dithmenos.
  2949 | D:4      | Found a shimmering altar of Xom.
  3105 | D:4      | Noticed an orc warrior
  3120 | D:4      | Slain by an orc warrior

Illustrated notes

Levels and vault maps discovered:
D:1:      wheals_arrival_shading, layout_rooms,
          ebering_ecumenical_altar_petrified, minmay_box_of_dots
D:2:      layout_basic, kennysheep_generic_room_6, uniq_crazy_yiuf_cottage,
          uniq_jessica
D:3:      layout_basic, uniq_natasha
D:4:      layout_cave_pools, grunt_temple_overflow_diamond, serial_glass,
          glass_columns_b, glass_columns_a, saegor_snake_ambush

Skill      XL: |  1  2  3  4  5 |
---------------+----------------+-----
Axes           | 4 5 6 |  6.5
Fighting       | 4 |  4.8
Dodging        | 3 4 |  4.1
Armour         | |  2.8
Stealth        | |  0.9

Action                   |  1- 3 |  4- 6 || total
-------------------------+-------+-------++-------
Melee: Hand axe          |    67 |   103 ||   170
       Headbutt          |    10 |    23 ||    33
Invok: Berserk           |       |     2 ||     2
 Stab: Sleeping          |       |     2 ||     2
Armor: Animal skin       |     8 |    15 ||    23
Dodge: Dodged            |    41 |    66 ||   107

Table legend: (Time is in decaauts)
 A = Elapsed time spent in this place.
 B = Non-inter-level travel time spent in this place.
 C = Inter-level travel time spent in this place.
 D = Time resting spent in this place.
 E = Time spent auto-exploring this place.
 F = Levels seen in this place.
 G = Mean time per level.
                   A        B        C        D        E       F      G
               +--------+--------+--------+--------+--------+-----+--------+
         Total |   3139 |   3037 |    102 |      0 |   2624 |   4 |  784.8 |
       Dungeon |   3139 |   3037 |    102 |      0 |   2624 |   4 |  784.8 |
               +--------+--------+--------+--------+--------+-----+--------+

Top non-repeatable levels by time:
     D:3: 1067 daAuts
     D:2: 897 daAuts
     D:1: 802 daAuts
     D:4: 371 daAuts
